 Dungeon Crawl Stone Soup version 0.26.1-11-gd32895ea62 (webtiles) character file.

Game seed: 8575986103943417473

4542 Zeld the Severer (level 10, -3/81 HPs)
             Began as a Deep Dwarf Fighter on June 4, 2021.
             Was a Believer of Makhleb.
             Killed by nerve-wracking pain
             ... invoked by a shadow imp
              (12 damage)
             ... on level 9 of the Dungeon.
             The game lasted 00:14:00 (7505 turns).

Zeld the Severer (Deep Dwarf Fighter)               Turns: 7505, Time: 00:14:00

Health: -3/81      AC: 16    Str: 22    XL:     10   Next: 17%
Magic:  0/0        EV:  4    Int: 10    God:    Makhleb [**....]
Gold:   503        SH:  9    Dex: 12    Spells: 9/9 levels left

rFire    . . .     SeeInvis .   a - +0 war axe
rCold    . . .     Faith    .   c - +0 kite shield
rNeg     . . .     Spirit   .   I - +0 plate armour
rPois    .         Reflect  .   h - +2 hat
rElec    .         Harm     .   H - +1 cloak
rCorr    .         Rampage  .   (no gloves)
Will     +....                  p - +0 pair of boots
Stlth    ..........             (no amulet)
HPRegen  0.00/turn              (no ring)
MPRegen  0.07/turn              (no ring)

@: non-regenerating
A: damage resistance, heal wounds, sense surroundings 2, no regeneration
a: Heal Wounds, Renounce Religion, Minor Destruction


You were on level 9 of the Dungeon.
You worshipped Makhleb.
Makhleb was pleased with you.
You visited 2 branches of the dungeon, and saw 10 of its levels.
You also visited: Sewer.

You collected 503 gold pieces.

Inventory:

Hand Weapons
 a - a +0 war axe (weapon)
Missiles
 k - 92 poisoned darts (quivered)
 A - 2 throwing nets
Armour
 c - a +0 kite shield (worn)
 h - a +2 hat (worn)
 p - a +0 pair of boots (worn)
 H - a +1 cloak (worn)
 I - a +0 plate armour (worn)
Scrolls
 f - a scroll of magic mapping
 g - 2 scrolls of remove curse
 t - 2 scrolls of blinking
 u - 4 scrolls of teleportation
 v - 2 scrolls of fear
 D - 3 scrolls of enchant weapon
 E - a scroll of vulnerability {unknown}
 G - a scroll of noise {unknown}
Potions
 d - 5 potions of heal wounds {unknown}
 l - a potion of attraction {unknown}
 n - a potion of degeneration {unknown}
 o - 5 potions of flight {unknown}
 q - 3 potions of haste {unknown}
 w - a potion of magic {unknown}
 x - a potion of might
 z - 2 potions of curing {unknown}
 C - 2 potions of resistance {unknown}
 F - a potion of lignification {unknown}


   Skills:
 - Level 2.6 Fighting
 * Level 15.4 Axes
 - Level 3.2 Armour
 - Level 3.2 Shields


You had 9 spell levels left.
You didn't know any spells.
Your spell library contained the following spells:

 Spells                   Type           Power        Failure   Level
 Confusing Touch          Hex            0%           100%        3
 Gell's Gravitas          Tloc           0%           100%        3
 Petrify                  Tmut/Erth      0%           100%        4
 Metabolic Englaciation   Hex/Ice        0%           100%        5
 Yara's Violent Unravell  Hex/Tmut       0%           100%        5


Dungeon Overview and Level Annotations

Branches:
Dungeon (9/15)             Temple (1/1) D:5            Lair (0/6) D:8
  Sewer (visited)
    Orc: D:9-12

Altars:
Ashenzari
Cheibriados
Dithmenos
Elyvilon
Fedhas
Gozag
Hepliaklqana
Kikubaaqudgha
Makhleb
Nemelex Xobeh
Okawaru
Qazlal
Ru
Sif Muna
Trog
Uskayaw
Vehumet
Wu Jian
Xom
Yredelemnul
Zin
The Shining One
Lugonu

Portals:
Abyss: D:1


Innate Abilities, Weirdness & Mutations

You are resistant to damage.
You can heal yourself by infusing magical energy.
You passively map the area around you.
You do not regenerate.


Message History

A kobold is wielding a +1 whip of freezing.
The kobold shouts! x3
The kobold throws a stone.
You block the stone.
The kobold throws a stone.
You block the stone.
There is an open door here.
You see here 2 stones.
Unknown command.
As you read the scroll of fear, it crumbles to dust.
You assume a fearsome visage.
The big kobold looks frightened!
The kobold looks frightened! x6; The quokka looks frightened!
The adder looks frightened!
The ogre looks frightened!
The ogre cries, "Mercy!"
Unknown command.
The kobold wails, "Help!"
Unknown command.
Found a sapphire potion and a pearl ring.
A shadow imp comes into view.
The shadow imp gestures at you. Pain shoots through your body!
You die...

,,,,,********* #(# ,,,,,*
####(#######*** ,,,,,*
#...........,,* ,,,,,*
#...........,,* ,,,,,****
#...........,,* ,,,,,,,,*
#...........,,* ,,,,,********
#...........,,* ,,,,,,,,,,,,*
#...........,,*
*****,,,,,*,**#.@.........,,*
,,,,,,,,,,#...............,,*
,,,,,*,,,..5.........####****
,,,,,*,,,.##.........#
,,∩,,*,,,,*#=!.......#
,,,,,**,,**#.........#
*******,,* #.........# * *,,*
#.........# * *,,*
*,,,,,,,,,*


You could see a shadow imp.

Vanquished Creatures
  A centaur warrior (D:8)
  A komodo dragon (D:8)
  A wyvern (D:9)
  Menkaure (D:5)
  Edmund (D:6)
  Purgy (Sewer)
  3 orc warriors
  Duvessa (D:5)
  A sky beast (D:8)
  3 ice beasts
  A necrophage (D:7)
  3 phantoms
  An ogre (D:7)
  4 centaurs
  3 bullfrogs
  A big kobold (D:4)
  Blork the orc (D:5)
  4 scorpions (D:5)
  Dowan (D:5)
  5 killer bees (D:8)
  2 bullfrog zombies
  A hound (D:7)
  3 jellies
  2 orc priests
  Crazy Yiuf (D:7)
  3 orc wizards
  3 iguanas
  5 worker ants
  A hound skeleton (D:7)
  A mummy (D:5)
  14 adders
  2 shadow imps
  A white imp (D:6)
  2 ufetubi (D:5)
  An ooze (D:6)
  3 adder skeletons
  3 worms
  4 dart slugs (D:1)
  8 leopard geckos
  36 orcs
  8 bats
  4 giant cockroaches
  5 hobgoblins (D:1)
  8 jackals
  3 ball pythons
  14 frilled lizards
  7 goblins
  A jackal zombie (D:6)
  11 kobolds
  2 leopard gecko skeletons
  11 rats
208 creatures vanquished.

Vanquished Creatures (others)
  12 fungi (D:5)
  16 plants
28 creatures vanquished.

Grand Total: 236 creatures vanquished

Notes
Turn   | Place    | Note
-------+----------+-------------------------------------------
     0 | D:1      | Zeld the Deep Dwarf Fighter began the quest for the Orb.
     0 | D:1      | Reached XP level 1. HP: 20/20 MP: 1/1
   219 | D:1      | Reached skill level 3 in Axes
   219 | D:1      | Reached XP level 2. HP: 25/27 MP: 2/2
   752 | D:1      | Reached XP level 3. HP: 33/33 MP: 3/3
  1164 | D:1      | Reached skill level 4 in Axes
  1171 | D:1      | Found a one-way gate to the infinite horrors of the Abyss.
  1171 | D:1      | Found a corrupted altar of Lugonu.
  1171 | D:1      | Noticed a demonic crawler
  1171 | D:1      | Noticed a demonic crawler
  1176 | D:1      | Noticed a demonic crawler
  1562 | D:2      | Reached XP level 4. HP: 21/40 MP: 4/4
  1837 | D:3      | Reached skill level 5 in Axes
  2492 | D:3      | Found a hide-covered altar of Uskayaw.
  2532 | D:4      | Reached XP level 5. HP: 35/46 MP: 4/4
  2545 | D:4      | Found a bloodstained altar of Trog.
  2569 | D:4      | Noticed a phantom
  2623 | D:4      | Found a shimmering blue altar of Sif Muna.
  2653 | D:4      | Reached skill level 6 in Axes
  2655 | D:4      | Killed a phantom
  2706 | D:4      | Reached skill level 7 in Axes
  2706 | D:4      | Reached XP level 6. HP: 43/55 MP: 4/4
  2867 | D:4      | Found a glowing drain.
  2890 | Sewer    | Entered a sewer
  2906 | Sewer    | Noticed Purgy
  2924 | Sewer    | Killed Purgy
  2925 | Sewer    | Reached skill level 8 in Axes
  3263 | D:4      | Reached XP level 7. HP: 47/61 MP: 5/5
  3505 | D:5      | Entered Level 5 of the Dungeon
  3574 | D:5      | Found a staircase to the Ecumenical Temple.
  3593 | Temple   | Entered the Ecumenical Temple
  3736 | Temple   | Became a worshipper of Makhleb the Destroyer
  3840 | D:5      | Reached skill level 9 in Axes
  3943 | D:5      | Noticed Blork the orc
  3964 | D:5      | Killed Blork the orc
  3969 | D:5      | You fall into a shaft and drop 2 floors!
  3987 | D:7      | Reached skill level 10 in Axes
  3994 | D:7      | Reached XP level 8. HP: 36/68 MP: 6/6
  4400 | D:5      | Noticed Dowan
  4400 | D:5      | Noticed Menkaure
  4400 | D:5      | Noticed Duvessa
  4417 | D:5      | Killed Dowan
  4418 | D:5      | Reached skill level 11 in Axes
  4419 | D:5      | Killed Duvessa
  4420 | D:5      | Killed Menkaure
  4490 | D:5      | Reached * piety under Makhleb
  4558 | D:5      | Reached skill level 12 in Axes
  4642 | D:5      | Found a sacrificial altar of Ru.
  4820 | D:5      | Found a snail-covered altar of Cheibriados.
  4919 | D:5      | Found the +7 Singing Sword {vorpal, sonic wave}
  5160 | D:6      | Gained mutation: You passively map the area around you.
                  | [Deep Dwarf growth]
  5160 | D:6      | Reached XP level 9. HP: 66/74 MP: 2/2
  5267 | D:6      | Reached skill level 13 in Axes
  5298 | D:6      | Reached ** piety under Makhleb
  5342 | D:6      | Noticed Edmund
  5354 | D:6      | Killed Edmund
  5976 | D:7      | Found a runed translucent door.
  5977 | D:7      | Noticed Crazy Yiuf
  6578 | D:7      | Killed Crazy Yiuf
  6667 | D:8      | Reached skill level 14 in Axes
  6879 | D:8      | Noticed a centaur warrior
  6885 | D:8      | Found a staircase to the Lair.
  6890 | D:8      | Noticed a komodo dragon
  6903 | D:8      | Killed a centaur warrior
  6904 | D:8      | Reached skill level 15 in Axes
  6916 | D:8      | Killed a komodo dragon
  6917 | D:8      | Reached XP level 10. HP: 51/81 MP: 1/1
  6996 | D:8      | Found the +5 demon whip "Spellbinder" {antimagic, Will+}
  7097 | D:8      | Found a stormy altar of Qazlal.
  7102 | D:8      | Found an iron altar of Okawaru.
  7140 | D:8      | Found a white marble altar of Elyvilon.
  7169 | D:8      | Reached *** piety under Makhleb
  7505 | D:9      | Killed from afar by a shadow imp

Illustrated notes

Levels and vault maps discovered:
D:1:      erik_arrival_cave_to_civilisation [erik_arrival_cave_to_temple],
          layout_basic
D:2:      layout_basic
D:3:      layout_loops_corners, general_overflow_altar
D:4:      layout_cave_pools, bloody_trog, overflow_temple_1_default,
          portal_sewer_entry_f, lexackson_kobold_supper
D:5:      old_forge, layout_layer_cave, lemuel_round_altar,
          minmay_temple_entry_junction, minivault_25, chei_slow_surprise,
          uniq_blork_the_orc, uniq_duvessa, uniq_menkaure
D:6:      layout_basic, uniq_edmund
D:7:      layout_basic, kennysheep_small_square, uniq_crazy_yiuf_cottage
D:8:      layout_basic, elyvilon_altar_3, minitemple, david_lair_shrubbed
D:9:      minmay_cornered_nines, layout_basic, enter_bailey_1
Temple:   regret_index_temple_generic_petals

Skill      XL: |  1  2  3  4  5  6  7  8  9 |
---------------+----------------------------+-----
Axes           | 3 4 5 7 8 10 12 15 | 15.4
Fighting       | |  2.6
Armour         | |  3.2
Shields        | |  3.2

Action                   |  1- 3 |  4- 6 |  7- 9 | 10-12 || total
-------------------------+-------+-------+-------+-------++-------
Melee: War axe           |   126 |   185 |   429 |    28 ||   768
 Abil: Heal Wounds       |     1 |     3 |    29 |     1 ||    34
  Use: Potion            |       |     1 |       |       ||     1
       Scroll            |       |       |       |    15 ||    15
Armor: Scale mail        |    64 |   113 |   146 |       ||   323
       Plate armour      |       |       |     7 |    61 ||    68
Dodge: Dodged            |    34 |    68 |    96 |    18 ||   216
Block: Kite shield       |    75 |   129 |   202 |    44 ||   450
